 Dungeon Crawl Stone Soup version 0.29.1-1-gd02db6906a (webtiles) character file.

Game seed: 5627064183856947458

35 safid the Shooter (level 3, -7/31 HPs)
             Began as a Minotaur Hunter on Sept 17, 2022.
             Mangled by an orc
             ... wielding a +4 vorpal flail
              (8 damage)
             ... on level 2 of the Dungeon.
             The game lasted 00:01:11 (1075 turns).

safid the Shooter (Minotaur Hunter)                 Turns: 1075, Time: 00:01:12

Health: -7/31      AC:  4    Str: 15    XL:     3   Next: 17%
Magic:  2/2        EV: 12    Int:  6    God:
Gold:   97         SH:  0    Dex: 15    Spells: 2/2 levels left

rFire   . . .      SeeInvis .   a - +0 shortbow
rCold   . . .      Faith    .   (shield currently unavailable)
rNeg    . . .      Spirit   .   c - +0 leather armour
rPois   .          Reflect  .   (helmet restricted)
rElec   .          Harm     .   (no cloak)
rCorr   .          Rampage  .   e - +0 pair of gloves
Will    .....                   (no boots)
Stlth   +.........              (no amulet)
HPRegen 0.10/turn               (no ring)
MPRegen 0.08/turn               (no ring)

@: no status effects
A: horns 2, retaliatory headbutt
a: no special abilities


You were on level 2 of the Dungeon.
You visited 1 branch of the dungeon, and saw 2 of its levels.

You collected 97 gold pieces.

Inventory:

Hand Weapons
 a - a +0 shortbow (weapon)
Armour
 c - a +0 leather armour (worn)
 e - a +0 pair of gloves (worn)
Jewellery
 i - an amulet of faith
Wands
 k - a wand of flame (18)
Scrolls
 b - a scroll of immolation
 d - a scroll of magic mapping {unknown}
 g - a scroll of enchant weapon {unknown}
 h - a scroll of fog {unknown}
 j - 2 scrolls of identify {unknown}
Potions
 f - a potion of might {unknown}
 l - a potion of haste {unknown}
 m - a potion of lignification {unknown}


   Skills:
 + Level 3.2 Fighting
 + Level 4.8 Ranged Weapons
 + Level 2.9 Dodging
 - Level 0.7 Stealth


You had 2 spell levels left.
You didn't know any spells.
Your spell library contained the following spells:

 Spells                   Type           Power      Damage    Failure   Level
 Necrotise                Necr           0%         1d4       52%         1
 Gell's Gravitas          Tloc           0%         N/A       88%         3
 Teleport Other           Tloc           0%         N/A       88%         3
 Vampiric Draining        Necr           0%         2d6       88%         3
 Agony                    Necr           0%         N/A       100%        5
 Dispersal                Tloc           0%         N/A       100%        6


Dungeon Overview and Level Annotations

Branches:
Dungeon (2/15)

Altars:
Okawaru


Innate Abilities, Weirdness & Mutations

You have a pair of horns on your head.
You reflexively headbutt those who attack you in melee.


Message History

You shoot an arrow.
The arrow closely misses the orc priest.
The arrow barely misses the orc.
An orc comes into view. It is wielding a +0 flail.
You shoot an arrow.
The arrow hits the orc priest but does no damage.
The orc priest invokes the aid of Beogh against you.
Pain shoots through your body!
You shoot an arrow. The arrow hits the orc priest.
The orc priest is lightly wounded.
You shoot an arrow.
The arrow hits the orc priest but does no damage.
The orc priest is lightly wounded.
The orc priest calls down the wrath of Beogh upon you.
Pain shoots through your body!
You are too injured to fight recklessly!
You are too injured to fight recklessly!
You are too injured to fight recklessly!
Unknown command.
Fire: a) +0 shortbow
Press: ? - help, Q - select action, (/) - cycle Shift-Dir - straight line, f/p - orc priest
Aim: an orc priest, wielding a +0 flail and wearing a +0 ring mail (lightly wounded, 65% to hit)
You shoot an arrow.
The arrow closely misses the orc priest.
An orc comes into view. It is wielding a +0 trident.
Fire: a) +0 shortbow
Press: ? - help, Q - select action, (/) - cycle Shift-Dir - straight line, f/p - orc priest
Aim: an orc priest, wielding a +0 flail and wearing a +0 ring mail (lightly wounded, 65% to hit)
You shoot an arrow. The orc shouts!
The arrow hits the orc priest but does no damage.
The orc priest is lightly wounded.
The orc barely misses you. The orc priest misses you. You furiously retaliate!
You headbutt the orc priest, but do no damage.
The orc attacks as you move away!
The orc hits you with a +4 vorpal flail!
* * * LOW HITPOINT WARNING * * *
x2 The orc attacks as you move away!
The orc hits you with a +4 vorpal flail!
You die...

.........#.## ##....#
........)#..# #..####
....<...###.# #.## ..
....†....##.####.## .
..........<.......## †#
(..............#...####.#
.........##..#>#.#......#
.........###.#.#.#####..#
.........###....@o###...####
...................oo.......
#.................###.#...##
####.._...........# .# ...
#..............# .# #
#..............# ##
#...#..........#
##.............#
#####...#######


You could see an orc priest and 2 orcs.

Vanquished Creatures
  3 ball pythons (D:2)
  4 endoplasms (D:1)
  A giant cockroach (D:2)
  4 goblins (D:1)
  5 hobgoblins
  3 jackals (D:2)
  3 quokkas
  A frilled lizard (D:1)
  3 kobolds
  2 rats
29 creatures vanquished.

Notes
Turn   | Place    | Note
-------+----------+-------------------------------------------
     0 | D:1      | safid the Minotaur Hunter began the quest for the Orb.
     0 | D:1      | Reached XP level 1. HP: 18/18 MP: 0/0
   230 | D:1      | Reached XP level 2. HP: 25/25 MP: 1/1
   546 | D:1      | Found a faded altar of an unknown god.
   834 | D:2      | Found an iron altar of Okawaru.
   905 | D:2      | Reached XP level 3. HP: 30/31 MP: 2/2
  1074 | D:2      | HP: 1/31 [orc/+4 vorpal flail (2)]
  1075 | D:2      | Mangled by an orc

Illustrated notes

Levels and vault maps discovered:
D:1:      scummos_arrival_star, layout_loops_ring,
          ebering_ecumenical_altar_abandoned
D:2:      layout_rooms, basic_altar, minmay_misc_feat_enclosed,
          kennysheep_generic_room_15

Skill      XL: |  1  2 |
---------------+-------+-----
Fighting       | 3 |  3.2
Ranged Weapons | |  4.8
Dodging        | |  2.9
Stealth        | |  0.7

Action                   || total
-------------------------++-------
 Fire: Shortbow          ||    64
Armor: Leather armour    ||    12
Dodge: Dodged            ||    19
